 Dungeon Crawl Stone Soup version 0.27-a0-1090-gb115f176c6 (webtiles) character file.

Game seed: 7722375485644586522

1952 kae the Ruffian (level 8, -2/60 (80) HPs)
             Began as a Purple Draconian Transmuter on Apr 27, 2021.
             Was an Initiate of Ru.
             Slain by a wight
             ... wielding a +4 halberd
              (5 damage)
             ... on level 6 of the Dungeon.
             The game lasted 00:05:25 (7533 turns).

kae the Ruffian (Purple Draconian Transmuter)       Turns: 7533, Time: 00:05:26

HP:   -2/60 (80)    AC:  5    Str: 14    XL:     8   Next: 99%
MP:   12/16         EV: 10    Int: 15    God:    Ru [......]
Gold: 221           SH:  0    Dex: 11    Spells: 9/17 levels left

rFire    x . .     SeeInvis .     - Unarmed
rCold    + + +     Faith    .   (shield currently unavailable)
rNeg     . . .     Spirit   .   (armour unavailable)
rPois    +         Reflect  .   (helmet currently unavailable)
rElec    .         Harm     .   (cloak currently unavailable)
rCorr    .         Rampage  .   (gloves currently unavailable)
Will     +....                  (boots currently unavailable)
Stlth    +.........             (no amulet)
HPRegen  0.20/turn              f - ring of poison resistance
MPRegen  0.15/turn              (no ring)

@: ice-form, very heavily drained
A: freezing attack, amphibious, boosted hp, (breathe power), AC +6, large,
unfitting armour, (cold-blooded)
a: End Transformation, Renounce Religion


You were on level 6 of the Dungeon.
You worshipped Ru.
Ru was noncommittal.
You were a creature of crystalline ice.
You visited 2 branches of the dungeon, and saw 7 of its levels.

You collected 221 gold pieces.

Inventory:

Armour
 k - a +0 cloak (melded)
Jewellery
 f - a ring of poison resistance (left front paw)
Wands
 e - a wand of iceblast (5)
 g - a wand of flame (35)
Scrolls
 b - a scroll of torment
 c - 2 scrolls of blinking
Potions
 a - a potion of lignification
 d - a potion of attraction
 h - 2 potions of curing
 i - a potion of magic {unknown}
 j - a potion of invisibility {unknown}
 l - a potion of might {unknown}


   Skills:
 + Level 4.6 Fighting
 + Level 4.1 Dodging
 * Level 6.8 Unarmed Combat
 + Level 5.3 Spellcasting
 * Level 6.4 Transmutations
 * Level 0.8 Ice Magic
 - Level 2.0 Poison Magic


You had 9 spell levels left.
You knew the following spells:

 Your Spells              Type           Power      Damage    Failure   Level
a - Beastly Appendage     Tmut           46%        N/A       1%          1
b - Spider Form           Tmut/Pois      8%         N/A       9%          3
c - Ice Form              Ice/Tmut       14%        N/A       34%         4

Your spell library contained the following spells:

 Spells                   Type           Power      Damage    Failure   Level
 Wereblood                Tmut           23%        N/A       1%          2
 Hydra Form               Tmut           11%        N/A       30%         5


Dungeon Overview and Level Annotations

Branches:
Dungeon (6/15)             Temple (1/1) D:6

Altars:
Elyvilon
Fedhas
Hepliaklqana
Kikubaaqudgha
Makhleb
Nemelex Xobeh
Okawaru
Ru
Sif Muna
Trog
Uskayaw
Wu Jian
Xom
Yredelemnul

Annotations:
D:4 Grinder


Innate Abilities, Weirdness & Mutations

You are a creature of crystalline ice.
You have a powerful freezing melee attack.
You are amphibious.
Your maximum health is increased.
Your armour is entirely melded.
You are incapable of wielding weapons or throwing items.
((You can breathe bolts of dispelling energy.))
((Your rich purple scales are hard. (AC +6)))
You cannot fit into any form of body armour.
((You are cold-blooded and may be slowed by cold attacks.))


Message History

You start resting.
Magic restored.
Your transformation is almost over.
You start resting.
You warm up again.
Your +0 cloak unmelds from your body.
You start resting.
HP restored.
Casting: Ice Form (quite dangerous; 36% risk of failure)
Confirm with . or Enter, or press ? or * to list all spells.
The spell is quite dangerous to cast (36% risk of failure)!
Continue anyway? [Y]es or [N]o only, please.
The spell is quite dangerous to cast (36% risk of failure)!
Continue anyway?
You turn into a creature of crystalline ice.
Your +0 cloak melds into your body.
You climb downwards.
The wight hits you with a +0 dagger.
You feel drained. The wight hits you with a +4 halberd.
You feel drained.
There is a stone staircase leading up here.
The wight hits you with a +4 halberd! The wight hits you with a +4 halberd!
The wight barely misses you.
You hit the wight but do no damage. The wight hits you with a +0 dagger.
The wight hits you from afar with a +4 halberd!
You feel drained.
You punch the wight! You freeze the wight.
You destroy the wight!
The wight closely misses you. The wight hits you with a +4 halberd!
You feel drained.
* * * LOW HITPOINT WARNING * * *
Things that are here:
a +0 dagger; a +0 robe You hit the wight.
The wight is moderately damaged.
The wight barely misses you.
You hit the wight but do no damage.
The wight is moderately damaged.
The wight hits you with a +4 halberd!
* * * LOW HITPOINT WARNING * * *
You feel drained.
You die...

#####.#### #)# #
#.<..# #.# # ####.#
##.#### # #.#
#.....# # ##.##
#.....# # ##.#.##
#.....# # ##.###.##
#.....# #.##
##.#####z....#
##.###.##...Y.<.###
##.#.###.#######
##.## #.# #.# #z#
#.# #.# #.# #z# #.#
#.# #.# #.# #.# #.#


You could see a wight.

Vanquished Creatures
  Pikel (D:4)
  Eustachio (D:4)
  2 black bears
  3 ogres
  A lemure (D:4)
  2 scorpions (D:4)
  2 wyvern skeletons
  2 wights (D:6)
  3 hounds
  A centaur skeleton (D:4)
  2 orc priests (D:4)
  Crazy Yiuf (D:5)
  A bullfrog skeleton (D:5)
  A jelly (D:5)
  A gnoll shaman (D:5)
  5 iguanas
  2 orc wizards (D:6)
  2 hound skeletons (D:4)
  3 gnolls
  An adder (D:4)
  A shadow imp (D:6)
  4 worms
  2 dart slugs
  11 orcs
  9 bats
  10 endoplasms
  2 giant cockroaches
  5 goblins
  6 hobgoblins
  7 jackals
  2 quokkas
  6 ball pythons
  4 frilled lizards
  9 kobolds
  7 rats
122 creatures vanquished.

Vanquished Creatures (others)
  A withered plant (D:4)
1 creature vanquished.

Grand Total: 123 creatures vanquished

Notes
Turn   | Place    | Note
-------+----------+-------------------------------------------
     0 | D:1      | kae the Draconian Transmuter began the quest for the Orb.
     0 | D:1      | Reached XP level 1. HP: 16/16 MP: 3/3
   160 | D:1      | Reached XP level 2. HP: 20/23 MP: 3/5
   305 | D:1      | HP: 1/23 [kobold/+0 whip (3)]
   657 | D:1      | Reached XP level 3. HP: 28/28 MP: 6/6
  1867 | D:2      | Reached XP level 4. HP: 36/36 MP: 7/7
  2119 | D:3      | Learned a level 3 spell: Spider Form
  2144 | D:3      | Found a bloodstained altar of Trog.
  2467 | D:3      | Found a faded altar of an unknown god.
  3216 | D:4      | Noticed Pikel
  3216 | D:4      | Noticed a lemure
  3216 | D:4      | Noticed a lemure
  3216 | D:4      | Noticed a lemure
  3216 | D:4      | Noticed a lemure
  3288 | D:4      | Noticed a scorpion
  3297 | D:3      | Reached skill level 1 in Poison Magic
  3297 | D:3      | Reached XP level 5. HP: 22/41 MP: 1/8
  3673 | D:4      | Found an ancient bone altar of Kikubaaqudgha.
  3679 | D:4      | Noticed an ogre
  3690 | D:4      | Killed an ogre
  3691 | D:4      | Reached XP level 6. HP: 48/48 MP: 3/10
  3862 | D:4      | Noticed Grinder
  3876 | D:4      | Noticed Eustachio
  4159 | D:4      | Killed Eustachio
  4160 | D:4      | Your scales start taking on a rich purple colour.
  4160 | D:4      | Reached XP level 7. HP: 46/56 MP: 9/12
  4430 | D:4      | Reached skill level 5 in Unarmed Combat
  4697 | D:5      | Entered Level 5 of the Dungeon
  4767 | D:4      | Killed Pikel
  4768 | D:4      | Reached skill level 5 in Transmutations
  4768 | D:4      | Reached XP level 8. HP: 29/66 MP: 11/14
  4957 | D:4      | Learned a level 4 spell: Ice Form
  5809 | D:5      | Reached skill level 5 in Spellcasting
  5833 | D:5      | Found a shimmering blue altar of Sif Muna.
  5903 | D:5      | Found a shimmering altar of Xom.
  6104 | D:5      | Found a runed translucent door.
  6105 | D:5      | Noticed Crazy Yiuf
  6161 | D:5      | Killed Crazy Yiuf
  6406 | D:6      | Found a staircase to the Ecumenical Temple.
  6622 | Temple   | Entered the Ecumenical Temple
  6728 | Temple   | Became a worshipper of Ru the Awakened
  7533 | D:6      | HP: 3/62 [wight/+4 halberd (15)]
  7533 | D:6      | Slain by a wight

Illustrated notes

Levels and vault maps discovered:
D:1:      minmay_arrival_doors, layout_basic
D:2:      layout_basic
D:3:      layout_loops_cross, bloody_trog, ebering_ecumenical_altar_mist
D:4:      layout_cave_pools, kiku_gazebo_garden_becter, uniq_eustachio,
          uniq_pikel, uniq_grinder
D:5:      layout_cave_pools, marbit_many_paths, nicolae_sif_muna_little_library,
          grunt_tough_drop, uniq_crazy_yiuf_cottage
D:6:      minmay_general_purpose_star, layout_loops_ring,
          gammafunk_temple_overflow_pools, minmay_temple_entry_ruins,
          uniq_sigmund
Temple:   compressed_dpeg_circular_temple

Skill      XL: |  1  2  3  4  5  6  7  8 |
---------------+-------------------------+-----
Dodging        | 2 3 4 |  4.1
Transmutations | 3 4 5 6 |  6.4
Fighting       | 2 3 4 |  4.6
Poison Magic   | 1 2 |  2.0
Unarmed Combat | 4 5 6 |  6.8
Spellcasting   | 3 4 5 |  5.3
Ice Magic      | |  0.8

Action                   |  1- 3 |  4- 6 |  7- 9 || total
-------------------------+-------+-------+-------++-------
Melee: Unarmed           |   138 |   141 |   165 ||   444
       Headbutt          |    15 |     8 |       ||    23
       Kick              |    23 |    13 |       ||    36
       Tailslap          |    11 |     6 |     5 ||    22
       Punch             |       |     1 |     1 ||     2
 Cast: Beastly Appendage |    21 |    18 |       ||    39
       Spider Form       |       |     4 |    18 ||    22
       Ice Form          |       |       |     3 ||     3
 Abil: Breathe Dispellin |       |       |     2 ||     2
  Use: Potion            |     2 |       |       ||     2
       Scroll            |     2 |     3 |     1 ||     6
 Stab: Sleeping          |     1 |     1 |       ||     2
Armor: Skin              |    42 |    37 |    14 ||    93
Dodge: Dodged            |    87 |    99 |   109 ||   295

Table legend: (Time is in decaauts)
 A = Elapsed time spent in this place.
 B = Non-inter-level travel time spent in this place.
 C = Inter-level travel time spent in this place.
 D = Time resting spent in this place.
 E = Time spent auto-exploring this place.
 F = Levels seen in this place.
 G = Mean time per level.
                   A        B        C        D        E       F      G
               +--------+--------+--------+--------+--------+-----+--------+
         Total |   7507 |   7274 |    233 |    915 |   5263 |   7 | 1072.4 |
       Dungeon |   7384 |   7171 |    213 |    915 |   5162 |   6 | 1230.7 |
        Temple |    122 |    103 |     19 |      0 |    101 |   1 |  122.0 |
               +--------+--------+--------+--------+--------+-----+--------+

Top non-repeatable levels by time:
     D:5: 1808 daAuts
     D:4: 1444 daAuts
     D:3: 1396 daAuts
     D:2: 1199 daAuts
     D:1: 896 daAuts
     D:6: 640 daAuts
  Temple: 122 daAuts
